 Dungeon Crawl Stone Soup version 0.17.1-3-g152610e (webtiles) character file.

69089 Jerry the Blocker (level 14, -3/114 HPs)
             Began as a White Draconian Fighter on Mar 30, 2016.
             Was the Champion of Qazlal.
             Slain by an emperor scorpion (14 damage)
             ... on level 5 of the Lair of Beasts on Mar 31, 2016.
             The game lasted 03:06:59 (23257 turns).

Jerry the Blocker (White Draconian Fighter)        Turns: 23257, Time: 03:07:00

Health: -3/114     AC: 15    Str: 19      XL:     14   Next: 89%
Magic:  18/18      EV: 20    Int: 10 (12) God:    Qazlal [******]
Gold:   1436       SH: 23    Dex: 14      Spells: 1 memorised, 7 levels left

rFire  + . .     SeeInvis .     F - +4 morningstar (flame)
rCold  + + .     Clarity  +     (armour unavailable)
rNeg   . . .     SustAt   +     b - +1 shield
rPois  +         Gourm    .     (helmet restricted)
rElec  .         Spirit   .     (no cloak)
rCorr  .         Warding  .     L - +1 pair of gloves
rMut   .         Stasis   .     N - +1 pair of boots
MR     ++...                    P - amulet of regeneration
Stlth  +.........               W - ring of poison resistance
                                n - ring of sustain attributes

@: short of breath, protected from physical damage, flying, repel missiles, very
resistant to hostile enchantments, very unstealthy
A: breathe frost, unfitting armour, big wings, beak, hooves 1, horns 1, clarity,
clever 1, cold resistance 2, fire resistance 1, magic resistance 1, sense
surroundings 1, evolution 1, cold-blooded, AC +8
a: Breathe Frost, Stop Flying, Upheaval, Elemental Force, Disaster Area,
Renounce Religion


You were on level 5 of the Lair of Beasts.
You worshipped Qazlal.
Qazlal was exalted by your worship.
You were not hungry.

You visited 5 branches of the dungeon, and saw 20 of its levels.
You also visited: Labyrinth and Ice Cave.

You collected 1716 gold pieces.
You spent 280 gold pieces at shops.

Inventory:

Hand Weapons
 F - a +4 morningstar of flaming (weapon)
Armour
 b - a +1 shield (worn)
 L - a +1 pair of gloves (worn)
 N - a +1 pair of boots (worn)
Jewellery
 j - an uncursed ring of see invisible
 n - a ring of sustain attributes (left hand)
 z - an uncursed ring of positive energy
 P - an amulet of regeneration (around neck)
 W - a ring of poison resistance (right hand)
Wands
 h - a wand of digging (7)
 l - a wand of slowing (29)
 o - a wand of paralysis (8)
 H - a wand of teleportation (6)
Scrolls
 e - 3 scrolls of recharging
 g - a scroll of identify
 w - 3 scrolls of blinking
 y - 3 scrolls of teleportation
 C - 2 scrolls of magic mapping
 E - 4 scrolls of remove curse
 Y - 2 scrolls of enchant armour
Potions
 f - a potion of invisibility
 i - a potion of beneficial mutation
 k - a potion of brilliance {unknown}
 q - 5 potions of curing
 v - 3 potions of heal wounds
 B - 3 potions of resistance
 J - a potion of berserk rage {unknown}
 K - a potion of flight {unknown}
 O - 2 potions of cancellation
Miscellaneous
 a - an ornate deck of wonders
Comestibles
 c - 2 chunks of flesh
 d - 7 bread rations
 m - 21 fruits
 p - 6 meat rations
 U - 2 beef jerkies
 X - 2 slices of pizza


   Skills:
 - Level 7.9 Fighting
 - Level 12.6 Maces & Flails
 - Level 12.7 Dodging
 + Level 14.7 Shields
 + Level 1.5 Conjurations
 - Level 6.4 Ice Magic
 + Level 6.2 Air Magic
 + Level 6.6 Invocations


You had 7 spell levels left.
You knew the following spells:

 Your Spells              Type           Power        Failure   Level  Hunger
a - Freezing Cloud        Conj/Ice/Air   #.........   100%        6    #######


Dungeon Overview and Level Annotations

Branches:
Dungeon (9/15)             Temple (0/1) D:6            Lair (8/8) D:9
  Swamp (1/4) Lair:3       Spider (1/4) Lair:5        Slime (0/6) Lair:6
    Orc (1/4) D:9

Altars:
Dithmenos
Gozag
Kikubaaqudgha
Makhleb
Okawaru
Qazlal
Trog
Zin
The Shining One
Jiyva

Shops:
D:6 [   D:9 =   Orc:1 =

Annotations:
D:8 NihilVerum's ghost, novice DDNe
Orc:1 Snorg


Innate Abilities, Weirdness & Mutations

You can breathe waves of freezing cold.
You can buffet flying creatures when you breathe cold.
Your icy white scales are hard (AC +8).
Your body does not fit into most forms of armour.
Your flesh is very cold resistant.
You are cold-blooded and may be slowed by cold attacks.
Your large and strong wings let you fly indefinitely.
You have a beak for a mouth.
You have large cloven feet.
You have a pair of small horns on your head.
You possess an exceptional clarity of mind.
Your mind is acute. (Int +2)
Your flesh is heat resistant.
You are resistant to hostile enchantments.
You passively map a small area around you.
You evolve.


Message History

The emperor scorpion is moderately wounded.
You block the tarantella's attack.
The emperor scorpion stings you but does no damage.
You block the emperor scorpion's attack.
The emperor scorpion misses you. You block the tarantella's attack.
You hit the emperor scorpion but do no damage.
The emperor scorpion is lightly wounded.
You block the tarantella's attack.
You block the emperor scorpion's attack.
The emperor scorpion claws you!
* * * LOW HITPOINT WARNING * * *
The emperor scorpion claws you.
* * * LOW HITPOINT WARNING * * *
Drink which item? (? for menu, Esc to quit)
You feel much better. You block the tarantella's attack.
The emperor scorpion stings you!!
* * * LOW HITPOINT WARNING * * *
You block the emperor scorpion's attack.
The emperor scorpion claws you!
You die...

..##P................P# #...#.#
...##...............P#####...###
..##.............#.....##...##
.###............###.^..##...P#
.#..............###.....#.#.##
...............##.#....P###.##
..............##§§§......#...#
..............#†s§§..^.......#
............^..s@^§.........##
...........#..§^†§...........#
........§.##...§#.^^...P.....##
..........#^.^^..###...#.#...P#
...........##.^...###..##....##
.........>..###........##...##
.......................###..#
......................P##...##
......................###P...##


You could see an emperor scorpion and a tarantella.

Vanquished Creatures
  Kirke (Lair:8)
  A frost giant (IceCv)
  An emperor scorpion (Lair:5)
  A minotaur (Lab)
  6 hydras
  An ice dragon (Lair:8)
  14 death yaks
  2 lindwurms (Lair:8)
  An orb spider (Spider:1)
  2 wolf spiders
  An ugly thing (D:6)
  12 elephants
  7 black mambas
  18 spiny frogs
  An ice statue (IceCv)
  6 torpor snails
  12 komodo dragons
  2 fire drakes (Lair:8)
  4 jumping spiders
  14 polar bears
  3 giant leeches (Lair:8)
  9 blink frogs
  A bog body (Swamp:1)
  A boulder beetle (Lair:8)
  4 trapdoor spiders (Lair:5)
  Sigmund (D:3)
  5 tarantellas
  2 humans (D:9)
  3 redbacks (Spider:1)
  A hog (Lair:8)
  44 yaks
  4 basilisks
  A hungry ghost (D:7)
  A deep elf mage (D:9)
  2 steam dragons
  3 vampire mosquitoes
  13 hippogriffs
  25 wolves
  20 water moccasins
  13 porcupines
  Duvessa (D:6)
  A spider (Lair:5)
  An orc warrior (D:9)
  2 ice beasts
  5 ogres
  A phantom (D:8)
  7 necrophages
  3 centaurs
  A sky beast (D:6)
  4 wasps
  14 crocodiles
  4 brain worms (Lair:8)
  A big kobold (D:7)
  Dowan (D:6)
  13 giant frogs
  2 scorpions (D:7)
  3 wights (D:7)
  2 crimson imps (D:6)
  2 hounds
  4 giant frog zombies
  A wasp zombie (D:9)
  A centaur zombie (D:5)
  4 iguanas
  2 jellies
  7 orc wizards
  2 orc priests
  4 gnoll shamans (D:3)
  8 worker ants
  21 sheep
  A hound zombie (D:6)
  14 adders
  39 gnolls
  42 river rats
  A shadow imp (D:7)
  An ooze (D:2)
  2 adder skeletons
  An adder zombie (D:7)
  21 worms
  2 giant geckos
  16 orcs
  2 ball pythons
  10 bats
  4 giant cockroaches
  6 goblins
  8 hobgoblins
  14 jackals (D:3)
  14 kobolds
  2 giant newts (D:1)
  6 quokkas
  8 rats
  10 bushes (Lair:2)
  50 fungi
  32 plants
691 creatures vanquished.

Vanquished Creatures (collateral kills)
  An iguana (Lair:3)
1 creature vanquished.

Vanquished Creatures (others)
  A polar bear (IceCv)
  2 humans (Lair:8)
  A bush (Lair:2)
  10 fungi
  16 plants
30 creatures vanquished.

Grand Total: 722 creatures vanquished

Notes
Turn   | Place    | Note
--------------------------------------------------------------
     0 | D:1      | Jerry the Draconian Fighter began the quest for the Orb.
     0 | D:1      | Reached XP level 1. HP: 19/19 MP: 1/1
   161 | D:1      | Reached XP level 2. HP: 5/26 MP: 2/2
  1049 | D:2      | Reached XP level 3. HP: 33/33 MP: 3/3
  1064 | D:2      | Reached skill level 4 in Fighting
  1080 | D:2      | Found a stormy altar of Qazlal.
  1088 | D:2      | Found a glowing golden altar of the Shining One.
  1334 | D:3      | Found an opulent altar of Gozag.
  1500 | D:3      | Reached XP level 4. HP: 40/40 MP: 4/4
  1780 | D:3      | Reached XP level 5. HP: 34/47 MP: 5/5
  1892 | D:3      | Noticed Sigmund
  1903 | D:3      | Killed Sigmund
  1903 | D:3      | Reached skill level 5 in Fighting
  1903 | D:3      | Reached XP level 6. HP: 54/56 MP: 6/6
  2205 | D:3      | Noticed an ogre
  2421 | D:3      | Reached skill level 5 in Shields
  2484 | D:3      | Your scales start taking on an icy white colour.
  2484 | D:3      | Gained mutation: Your flesh is cold resistant. [White Draconian growth]
  2484 | D:3      | Reached XP level 7. HP: 45/61 MP: 7/7
  2571 | D:3      | Reached skill level 5 in Dodging
  2978 | D:3      | Killed an ogre
  2978 | D:3      | Reached skill level 6 in Fighting
  3740 | D:2      | Found an ancient bone altar of Kikubaaqudgha.
  3834 | D:2      | Noticed a moth of wrath
  3837 | D:2      | Found a bloodstained altar of Trog.
  4778 | D:5      | Entered Level 5 of the Dungeon
  4855 | D:5      | Reached XP level 8. HP: 66/71 MP: 8/8
  5255 | D:5      | Found a shadowy altar of Dithmenos.
  5265 | D:5      | Reached skill level 7 in Fighting
  5799 | D:2      | Became a worshipper of Qazlal Stormbringer
  5896 | D:6      | Found a staircase to the Ecumenical Temple.
  5934 | D:6      | Noticed a purple ugly thing
  5949 | D:6      | Killed a purple ugly thing
  5953 | D:6      | Gained mutation: You have large cloven feet. [mutagenic meat]
  6087 | D:6      | Noticed Dowan
  6088 | D:6      | Noticed Duvessa
  6114 | D:6      | Killed Duvessa
  6114 | D:6      | Reached XP level 9. HP: 73/80 MP: 7/9
  6117 | D:6      | Killed Dowan
  6280 | D:6      | Found Con Esem's Antique Armour Emporium.
  6372 | D:6      | Found an opulent altar of Gozag.
  6543 | D:6      | Found a burning altar of Makhleb.
  6689 | D:6      | Gained mutation: Your flesh is heat resistant. [mutagenic meat]
  6690 | D:6      | Gained mutation: Your large and strong wings let you fly indefinitely. [mutagenic meat]
  6823 | D:7      | Reached * piety under Qazlal
  6825 | D:7      | Gained mutation: You evolve. [mutagenic meat]
  6826 | D:7      | Gained mutation: Your magical capacity is low (-10% MP). [mutagenic meat]
  6828 | D:7      | Gained mutation: You passively map a small area around you. [mutagenic meat]
  7259 | D:7      | Reached skill level 5 in Maces & Flails
  7413 | D:7      | Gained mutation: Your flesh is very cold resistant. [evolution]
  7637 | D:7      | Reached skill level 8 in Shields
  8118 | D:8      | Noticed NihilVerum's ghost (novice DDNe)
  8168 | D:8      | Found a glowing silver altar of Zin.
  8484 | D:9      | Found a staircase to the Lair.
  8618 | D:9      | Reached XP level 10. HP: 84/88 MP: 9/9
  8647 | D:9      | Found a staircase to the Orcish Mines.
  8841 | D:9      | Found an iron altar of Okawaru.
  8860 | D:9      | Reached ** piety under Qazlal
  8891 | D:9      | Found Othatz's Jewellery Shoppe.
  8894 | D:9      | Bought an uncursed ring of poison resistance for 280 gold pieces
  9067 | D:9      | Reached skill level 9 in Shields
  9172 | Orc:1    | Entered Level 1 of the Orcish Mines
  9172 | Orc:1    | Found Okaidd's Jewellery Boutique.
  9172 | Orc:1    | Noticed Snorg
  9375 | Lair:1   | Entered Level 1 of the Lair of Beasts
 10653 | Lair:2   | Gained mutation: You are resistant to hostile enchantments. [evolution]
 11196 | Lair:2   | Reached skill level 10 in Shields
 11576 | Lair:2   | Reached XP level 11. HP: 51/94 MP: 7/9
 11783 | Lair:2   | Gained mutation: You have a beak for a mouth. [evolution]
 12596 | Lair:2   | Reached *** piety under Qazlal
 13499 | Lair:3   | Found a staircase to the Swamp.
 14070 | Swamp:1  | Entered Level 1 of the Swamp
 14101 | Swamp:1  | Reached skill level 10 in Dodging
 14109 | Swamp:1  | Noticed a spriggan rider
 14113 | Swamp:1  | Reached skill level 11 in Shields
 15176 | Lair:4   | Reached skill level 10 in Maces & Flails
 15323 | Lair:4   | Reached XP level 12. HP: 101/101 MP: 10/10
 15349 | Lair:4   | Found a stormy altar of Qazlal.
 15374 | Lair:4   | Reached **** piety under Qazlal
 16220 | Lair:5   | Noticed an eight-headed hydra
 16237 | Lair:5   | Killed an eight-headed hydra
 16305 | Lair:5   | Gained mutation: Your mind is acute. (Int +2) [evolution]
 16357 | Lair:5   | Reached skill level 12 in Shields
 16372 | Lair:5   | Found a hole to the Spider Nest.
 16451 | Lair:5   | Found a frozen archway.
 16462 | IceCv    | Entered an ice cave
 17436 | IceCv    | Reached XP level 13. HP: 107/107 MP: 11/11
 17497 | IceCv    | Noticed a frost giant
 17508 | IceCv    | Killed a frost giant
 17508 | IceCv    | Reached ***** piety under Qazlal
 17508 | IceCv    | Reached skill level 13 in Shields
 17597 | IceCv    | Identified the Volume of the Damaging Glacier
 18239 | Lair:5   | Lost mutation: Your magical capacity is low (-10% MP). [evolution]
 19151 | Lair:6   | Found a labyrinth entrance.
 19160 | Lab      | Entered a labyrinth
 19467 | Lab      | Got a pitted falchion {drain}
 19468 | Lab      | Identified the +3 falchion "Ruimis" {drain, rElec Str+11} (You took it off a minotaur in a labyrinth)
 19488 | Lair:6   | Learned a level 6 spell: Freezing Cloud
 19582 | Lair:6   | Reached skill level 1 in Ice Magic
 19585 | Lair:6   | Reached skill level 1 in Air Magic
 19866 | Lair:6   | Found a viscous altar of Jiyva.
 19866 | Lair:6   | Found a staircase to the Slime Pits.
 20214 | Lair:7   | Reached skill level 1 in Invocations
 20277 | Lair:7   | Reached skill level 14 in Shields
 20652 | Lair:7   | Reached XP level 14. HP: 81/113 MP: 15/15
 21009 | Lair:8   | Entered Level 8 of the Lair of Beasts
 21057 | Lair:8   | Gained mutation: You possess an exceptional clarity of mind. [evolution]
 21458 | Lair:8   | Found a runed door.
 21479 | Lair:8   | Reached ****** piety under Qazlal
 21683 | Lair:8   | Reached skill level 5 in Ice Magic
 21832 | Lair:8   | Noticed Kirke
 21845 | Lair:8   | Killed Kirke
 22084 | Lair:8   | Reached skill level 5 in Air Magic
 22089 | Lair:8   | Reached skill level 5 in Invocations
 22637 | Lair:7   | Gained mutation: You have a pair of small horns on your head. [evolution]
 23063 | Spider:1 | Entered Level 1 of the Spider Nest
 23101 | Lair:5   | Reached skill level 1 in Conjurations
 23236 | Spider:1 | Noticed an emperor scorpion
 23237 | Spider:1 | Noticed an emperor scorpion
 23254 | Lair:5   | Killed an emperor scorpion
 23257 | Lair:5   | Slain by an emperor scorpion

Action                   |  1- 3 |  4- 6 |  7- 9 | 10-12 | 13-15 || total
-------------------------+-------+-------+-------+-------+-------++-------
Melee: Flail             |    46 |       |       |       |       ||    46
       Short sword       |    42 |    35 |       |       |       ||    77
       Whip              |       |    93 |   655 |  1251 |       ||  1999
       Morningstar       |       |       |       |   179 |   704 ||   883
 Abil: Breathe Frost     |       |       |     7 |     6 |     8 ||    21
       Evoke Flight      |       |       |     1 |       |       ||     1
       Fly               |       |       |     1 |       |     1 ||     2
       Stop Flying       |       |       |       |       |     1 ||     1
Evoke: Wand              |       |       |       |    16 |     7 ||    23
       Deck              |       |       |       |     1 |       ||     1
  Use: Scroll            |     7 |       |     8 |    11 |    13 ||    39
       Potion            |       |     1 |     6 |     2 |     1 ||    10
 Stab: Sleeping          |     1 |       |     2 |       |       ||     3
       Distracted        |       |       |     2 |       |       ||     2
       Invisible         |       |       |     1 |       |       ||     1
       Held in net/web   |       |       |       |     1 |       ||     1
  Eat: Chunk             |     2 |     3 |    25 |    30 |    23 ||    83
       Beef jerky        |       |       |     1 |     1 |       ||     2
       Meat ration       |       |       |     1 |       |       ||     1
       Bread ration      |       |       |     1 |       |       ||     1
       Pizza             |       |       |       |     1 |     2 ||     3
